 Dungeon Crawl Stone Soup version 0.21-a0-476-gd103f4b (webtiles) character file.

38 KristoblXynda the Chucker (level 3, -7/29 HPs)
             Began as a Centaur Hunter on Nov 22, 2017.
             Mangled by a kobold
             ... wielding a +2 dagger of electrocution
              (17 damage)
             ... on level 1 of the Dungeon.
             The game lasted 00:01:23 (1105 turns).

KristoblXynda the Chucker (Centaur Hunter)          Turns: 1105, Time: 00:01:24

Health: -7/29      AC:  4    Str: 14    XL:     3   Next: 25%
Magic:  3/3        EV:  9    Int: 10    God:
Gold:   29         SH:  0    Dex: 10    Spells: 2/2 levels left

rFire    . . .     SeeInvis .   m - +0 short sword (venom)
rCold    . . .     Gourm    .   (no shield)
rNeg     . . .     Faith    .   b - +0 leather armour
rPois    .         Spirit   .   (no helmet)
rElec    .         Reflect  .   (no cloak)
rCorr    .         Harm     .   (no gloves)
MR       .....                  (no barding)
Stlth    +.........             (no amulet)
HPRegen  0.09/turn              (no ring)
MPRegen  0.08/turn              (no ring)

@: very quick
A: hooves 3, deformed body, speed 2, tough skin 3
a: no special abilities


You were on level 1 of the Dungeon.
You were not hungry.

You visited 1 branch of the dungeon, and saw 1 of its levels.

You collected 29 gold pieces.

Inventory:

Hand Weapons
 m - a +0 short sword of venom (weapon)
Missiles
 c - 5 javelins (quivered)
 d - 2 throwing nets
Armour
 b - a +0 leather armour (worn)
Jewellery
 n - an uncursed ring of protection from cold {unknown}
Scrolls
 a - a scroll of remove curse {unknown}
 h - 4 scrolls of identify {unknown}
 i - a scroll of teleportation {unknown}
 l - a scroll of amnesia {unknown}
Potions
 e - a potion of curing {unknown}
 g - a potion of heal wounds {unknown}
 j - a potion of might {unknown}
 k - a potion of flight {unknown}
Comestibles
 f - 3 bread rations


   Skills:
 - Level 2.0 Fighting
 + Level 5.0 Throwing
 + Level 2.2 Dodging
 - Level 0.4 Stealth


You had 2 spell levels left.
You didn't know any spells.

Dungeon Overview and Level Annotations

Branches:
Dungeon (1/15)

Altars:


Innate Abilities, Weirdness & Mutations

You have hooves in place of feet.
Armour fits poorly on your strangely shaped body.
You cover ground very quickly.
You have extremely tough skin. (AC +3)


Message History

The jackal bites you.
You hit the jackal.
The jackal is poisoned.
Your kick misses the jackal.
The jackal is almost dead.
The jackal closely misses you.
You hit the jackal.
The jackal is poisoned.
The jackal is almost dead.
You kill the jackal! x2
A kobold comes into view.
It is wielding a dagger of electrocution.
The kobold shouts!
You see here a jackal corpse.
You closely miss the kobold. The kobold barely misses you.
You barely miss the kobold. The kobold closely misses you.
You miss the kobold. The kobold hits you but does no damage.
You are electrocuted!
Ouch! That really hurt!
You hit the kobold.
The kobold is poisoned.
The kobold is heavily wounded.
The kobold hits you but does no damage.
You are electrocuted!
Ouch! That really hurt!
You die...

...........#
#########.(#
#..#######
#####
#........#
....#
#.######.#
..#.# #.#
#†# ..#.#
#.# #.#
..#.#####.#
#.#
..#.......#
#@#
..#########
#K# )...#
#.# ..#.#
#.# ..#.#
#.# ..#.#
#.# #.#.#
#.# #.#.#
#.. #.#.#


You could see a kobold.

Vanquished Creatures
  An ooze (D:1)
  2 bats (D:1)
  3 giant cockroaches (D:1)
  7 goblins (D:1)
  6 hobgoblins (D:1)
  2 jackals (D:1)
  A frilled lizard (D:1)
  5 kobolds (D:1)
  3 rats (D:1)
30 creatures vanquished.

Notes
Turn   | Place    | Note
-------+----------+-------------------------------------------
     0 | D:1      | KristoblXynda the Centaur Hunter began the quest for the Orb.
     0 | D:1      | Reached XP level 1. HP: 17/17 MP: 1/1
    45 | D:1      | Reached XP level 2. HP: 13/24 MP: 2/2
   707 | D:1      | Reached XP level 3. HP: 13/29 MP: 3/3
   712 | D:1      | Reached skill level 5 in Throwing
  1105 | D:1      | Mangled by a kobold

Vault maps used:
D:1:      grunt_arrival_lava_bath, minivault_27, st_stairs_4,
          minmay_pentomino_v4

Skill      XL: |  1  2  3 |
---------------+----------+-----
Dodging        | 2 |  2.2
Throwing       | 5 |  5.0
Fighting       | |  2.0
Stealth        | |  0.4

Action                   || total
-------------------------++-------
Melee: Short sword       ||    81
       Kick              ||    12
Throw: Javelin           ||     2
Armor: Leather armour    ||    38
Dodge: Dodged            ||    46

Table legend:
 A = Spawn XP
 B = Non-spawn XP
 C = Spawn XP percentage of total XP
 D = Spawn monster count
 E = Non-spawn monster count
 F = Spawn count percentage of total count
 G = Total turns spent on level
                    A         B        C        D         E        F      G
               +---------+---------+-------+---------+---------+-------+---------
         Total |       0 |      55 |   0.0 |       0 |      30 |   0.0 |  1105
               +---------+---------+-------+---------+---------+-------+---------
           D:1 |       0 |      55 |   0.0 |       0 |      30 |   0.0 |  1105
               +---------+---------+-------+---------+---------+-------+---------
